 Dungeon Crawl Stone Soup version 0.26-a0-712-ga5a9c9c9d0 (webtiles) character file.

Game seed: 6632960504495411321

53 mandarbmax the Stinger (level 3, -2/14 HPs)
             Began as a Felid Venom Mage on Oct 31, 2020.
             Killed from afar by Sigmund (10 damage)
             ... with a puff of flame
             ... on level 2 of the Dungeon.
             The game lasted 00:04:53 (1516 turns).

mandarbmax the Stinger (Felid Venom Mage)           Turns: 1516, Time: 00:04:53

Health: -2/14      AC:  1    Str:  4    XL:     3   Next: 62%
Magic:  1/7        EV: 18    Int: 17    God:
Gold:   148        SH:  0    Dex: 16    Spells: 1/7 levels left
                                        Lives:  0   Deaths: 0

rFire    . . .     SeeInvis +   (weapon unavailable)
rCold    . . .     Faith    .   (shield unavailable)
rNeg     . . .     Spirit   .   (armour unavailable)
rPois    .         Reflect  .   (helmet unavailable)
rElec    .         Harm     .   (cloak unavailable)
rCorr    .         Rampage  .   (gloves unavailable)
MR       .....                  (boots unavailable)
Stlth    +++.......             (no amulet)
HPRegen  0.04/turn              (no ring)
MPRegen  0.10/turn              (no ring)

@: very slightly contaminated, quick
A: very small, no armour, no weapons or thrown items, stealth, claws 1, fangs 3,
see invisible, speed 1, shaggy fur 1, sharp paws
a: no special abilities


You were on level 2 of the Dungeon.
You visited 1 branch of the dungeon, and saw 2 of its levels.

You collected 148 gold pieces.

Inventory:

Scrolls
 a - 3 scrolls of identify {unknown}
 c - a scroll of noise {unknown}
 d - a scroll of fog {unknown}
 g - a scroll of remove curse {unknown}
Potions
 b - 4 potions of heal wounds {unknown}
 e - a potion of brilliance {unknown}
 f - a potion of ambrosia {unknown}
 h - a potion of resistance {unknown}
 i - a potion of might {unknown}
 j - 3 potions of curing {unknown}


   Skills:
 - Level 3.0 Dodging
 - Level 3.0 Stealth
 + Level 2.6 Spellcasting
 + Level 0.4 Conjurations
 - Level 1.1 Transmutations
 + Level 0.4 Air Magic
 + Level 3.4 Poison Magic


You had one spell level left.
You knew the following spells:

 Your Spells              Type           Power        Failure   Level
a - Sting                 Tmut/Pois      #...         7%          1
b - Poisonous Vapours     Pois/Air       #.....       12%         2
c - Mephitic Cloud        Conj/Pois/Air  #.......     30%         3

Your spell library contained the following spells:

 Spells                   Type           Power        Failure   Level
 Ignite Poison            Fire/Tmut/Pois #.......     28%         3
 Olgreb's Toxic Radiance  Pois           ##......     41%         4


Dungeon Overview and Level Annotations

Branches:
Dungeon (2/15)

Altars:
Gozag

Annotations:
D:2 Sigmund


Innate Abilities, Weirdness & Mutations

You cannot wear armour.
You are incapable of wielding weapons or throwing items.
Your paws allow you to move quietly. (Stealth)
You have sharp claws.
You have razor-sharp teeth.
You have supernaturally acute eyesight. (SInv)
You cover ground quickly.
You are covered in fur. (AC +1)
Your sharp claws are effective at attacking unaware monsters.


Message History

Aiming: Sting (safe; 7% risk of failure)
Press: ? - help, Shift-Dir - straight line, f/p - Sigmund
Aim: Sigmund, wielding a +0 scythe and wearing a cursed +0 robe (heavily wounded, very poisoned)
You miscast Sting.
You are very lightly contaminated with residual magic.
Nothing appears to happen.
You see here a scroll labeled ENOHIORAER.
Sigmund casts a spell.
Sigmund flickers and vanishes for a moment.
Sigmund gestures at you while chanting. The magic dart hits you.
You aren't carrying any items that you can evoke.
Unknown command.
Casting: Sting (safe; 7% risk of failure)
Confirm with . or Enter, or press ? or * to list all spells.
You can't see any susceptible monsters within range! (Use Z to cast anyway.) Sigmund points at you and mumbles some strange words.
The puff of flame hits you!
Ouch! That really hurt!
You die...

#............# #....<.####..
#............###.............
#.........#.##....?..#.....#
#....)..##.##....@..........
##...)................$.....
##.##.......................
#...........................
#####.##...#................
##.##...@.##.............
######.....#..................
#..........#.............#....
#......................[...g.#
#..........##..(....(....#....
#..............(..[....#....##
##...........#.##(#####.###...#
#..###.###...#.##...##..# ...#
#.##.....##..#.####.##..# ..#


You could see Sigmund (invisible, very poisoned).

Vanquished Creatures
  Robin (D:2)
  An adder (D:2)
  A worm (D:2)
  A leopard gecko (D:1)
  A giant cockroach (D:1)
  7 goblins
  5 hobgoblins
  2 bats (D:1)
  A frilled lizard (D:1)
  6 kobolds
  2 rats
28 creatures vanquished.

Notes
Turn   | Place    | Note
-------+----------+-------------------------------------------
     0 | D:1      | mandarbmax the Felid Venom Mage began the quest for the
                  | Orb.
     0 | D:1      | Reached XP level 1. HP: 7/7 MP: 4/4
   317 | D:1      | Reached XP level 2. HP: 11/11 MP: 4/6
   677 | D:1      | Learned a level 2 spell: Poisonous Vapours
   816 | D:2      | Found an opulent altar of Gozag.
  1008 | D:2      | Reached XP level 3. HP: 14/14 MP: 2/7
  1058 | D:2      | Learned a level 3 spell: Mephitic Cloud
  1176 | D:2      | Noticed Robin
  1180 | D:2      | Killed Robin
  1460 | D:2      | Noticed Sigmund
  1516 | D:2      | Killed from afar by Sigmund

Illustrated notes

Levels and vault maps discovered:
D:1:      erik_arrival_orb_chamber, layout_basic
D:2:      layout_rooms, fedhas_altar_1, gammafunk_temple_overflow_arena,
          kiku_gazebo_pond_becter, okawaru_trees_2, grunt_gozag_statues,
          uniq_robin, uniq_natasha, uniq_crazy_yiuf_cottage, uniq_sigmund

Skill      XL: |  1 |
---------------+----+-----
Stealth        | 3 |  3.0
Dodging        | 3 |  3.0
Poison Magic   | 3 |  3.4
Spellcasting   | |  2.6
Conjurations   | |  0.4
Transmutations | |  1.1
Air Magic      | |  0.4

Action                   || total
-------------------------++-------
Melee: Unarmed           ||    19
       Bite              ||     2
 Cast: Sting             ||    26
       Poisonous Vapours ||    19
 Stab: Sleeping          ||     4
Armor: Skin              ||     3
Dodge: Dodged            ||    31

Table legend: (Time is in decaauts)
 A = Elapsed time spent in this place.
 B = Non-inter-level travel time spent in this place.
 C = Inter-level travel time spent in this place.
 D = Time resting spent in this place.
 E = Time spent auto-exploring this place.
 F = Levels seen in this place.
 G = Mean time per level.
                   A        B        C        D        E       F      G
               +--------+--------+--------+--------+--------+-----+--------+
         Total |   1372 |   1367 |      5 |    594 |    521 |   2 |  686.0 |
       Dungeon |   1372 |   1367 |      5 |    594 |    521 |   2 |  686.0 |
               +--------+--------+--------+--------+--------+-----+--------+

Top non-repeatable levels by time:
     D:1: 780 daAuts
     D:2: 592 daAuts
